 Dungeon Crawl Stone Soup version 0.30-a0-313-gae38170b09 (webtiles) character file.

Game seed: 4045801698178101434

285 billz999 the Ogre Mage (level 6, -9/54 HPs)
             Began as an Ogre Air Elementalist on Oct 27, 2022.
             Was a Follower of Vehumet.
             Mangled by an ogre
             ... wielding a +0 giant club
              (27 damage)
             ... on level 4 of the Dungeon.
             The game lasted 00:09:51 (4312 turns).

billz999 the Ogre Mage (Ogre Air Elementalist)      Turns: 4312, Time: 00:09:52

Health: -9/54      AC:  3    Str: 13    XL:     6   Next: 29%
Magic:  8/13       EV:  9    Int: 18    God:    Vehumet [*.....]
Gold:   294        SH:  0    Dex:  9    Spells: 9/15 levels left

rFire   . . .      SeeInvis .    l - +1 falchion (elec)
rCold   . . .      Faith    .    (no shield)
rNeg    . . .      Spirit   .    a - +0 robe
rPois   .          Reflect  .    (helmet restricted)
rElec   .          Harm     .    (no cloak)
rCorr   +          Rampage  .    (gloves unavailable)
Will    .....                    (boots unavailable)
Stlth   +.........               (no amulet)
HPRegen 0.29/turn                j - ring of resist corrosion
MPRegen 0.13/turn                (no ring)

@: sluggish, attractive, very slow
A: large, unfitting armour, tough skin 1
a: Renounce Religion


You were on level 4 of the Dungeon.
You worshipped Vehumet.
Vehumet was aware of your devotion.
You visited 1 branch of the dungeon, and saw 4 of its levels.

You collected 294 gold pieces.

Inventory:

Hand Weapons
 c - a +0 club
 l - a +1 falchion of electrocution (weapon)
Armour
 a - a +0 robe (worn)
Jewellery
 j - a ring of resist corrosion (left hand)
Scrolls
 e - a scroll of summoning {unknown}
 f - 3 scrolls of noise
 h - a scroll of identify
 i - 4 scrolls of enchant armour
Potions
 b - a potion of magic
 d - a potion of brilliance
 g - a potion of curing {unknown}
 k - a potion of degeneration
 m - a potion of attraction


   Skills:
 - Level 0.8 Fighting
 - Level 0.3 Long Blades
 - Level 1.7 Dodging
 - Level 1.4 Stealth
 * Level 5.2 Spellcasting
 + Level 2.7 Conjurations
 + Level 3.8 Air Magic


You had 9 spell levels left.
You knew the following spells:

 Your Spells              Type           Power      Damage    Failure   Level
a - Shock                 Conj/Air       64%        1d7       3%          1
b - Static Discharge      Conj/Air       32%        2-4/arc   4%          2
c - Swiftness             Air            18%        N/A       9%          3

Your spell library contained the following spells:

 Spells                   Type           Power      Damage    Failure   Level
 Kiss of Death            Conj/Necr      36%        2d8       8%          1
 Kindle Blastsparks       Fire/Tloc/Air  18%        2d11      22%         3
 Airstrike                Air            9%         2d(2-18)  26%         4
 Gell's Gravitas          Tloc           4%         N/A       36%         3
 Ignite Poison            Fire/Tmut/Pois 4%         N/A       36%         3
 Inner Flame              Hex/Fire       4%         N/A       36%         3
 Lesser Beckoning         Tloc           8%         N/A       36%         3
 Teleport Other           Tloc           4%         N/A       36%         3
 Flame Wave               Conj/Fire      9%         2d6       58%         4
 Sticky Flame             Conj/Fire      9%         2d3       58%         4
 Olgreb's Toxic Radiance  Pois           4%         N/A       78%         4
 Freezing Cloud           Conj/Ice/Air   6%         6-21      83%         5
 Ozocubu's Refrigeration  Ice            2%         4d7       100%        7
 Ignition                 Fire           2%         3d3       100%        8


Dungeon Overview and Level Annotations

Branches:
Dungeon (4/15)
 Temple: D:4-7

Altars:
Ashenzari
Okawaru
Trog
Vehumet
The Shining One

Shops:
D:2 *   D:3 ?


Innate Abilities, Weirdness & Mutations

You are too large for most types of armour.
You have tough skin. (AC +1)


Message History

You aren't carrying any items that you can evoke.
Unknown command.
You start to feel a little slower.
You feel sluggish.
Found a robe.
Casting: Swiftness (dangerous; 9% risk of failure)
Confirm with . or Enter, or press ? or * to list all spells.
Aiming: Shock (safe; 3% risk of failure)
Press: ? - help, Shift-Dir - straight line The zap hits the ogre.
The ogre is lightly wounded.
Unknown command.
Casting: Shock (safe; 3% risk of failure)
Confirm with . or Enter, or press ? or * to list all spells.
Aiming: Shock (safe; 3% risk of failure)
Press: ? - help, Shift-Dir - straight line The zap hits the ogre.
The ogre is lightly wounded.
You aren't carrying any items that you can evoke.
Unknown command.
Casting: Shock (safe; 3% risk of failure)
Confirm with . or Enter, or press ? or * to list all spells.
Aiming: Shock (safe; 3% risk of failure)
Press: ? - help, Shift-Dir - straight line The zap hits the ogre.
The ogre is moderately wounded.
Unknown command.
As you read the scroll labelled XYMIF KEKHOFO, it crumbles to dust.
You hear a loud clanging noise!
It was a scroll of noise.
You start to feel a little faster.
You aren't carrying any items that you can evoke.
Unknown command.
It was a potion of attraction.
You feel attractive to monsters. The ogre hits you with a +0 giant club!
The ogre is attracted toward you. The ogre attacks as you move away!
The ogre hits you with a +0 giant club!!
Ouch! That really hurt!
You die...

##################
.................###
.8..8..8..8..#.#...#
...[.........#.###.#
...............# #.#
.............#.#
#.####
.8..8..8O§8....#
#....#
.......@O.....##
####.#
############### #.#
#.# #.# #O# #.# #O#
#.## ##.##


You could see 2 ogres.

Vanquished Creatures
  An ogre (D:4)
  A hound (D:4)
  4 gnolls (D:4)
  6 adders
  A worm (D:2)
  A dart slug (D:4)
  5 orcs
  2 bats (D:3)
  3 endoplasms
  A giant cockroach (D:1)
  5 goblins
  6 hobgoblins
  6 jackals
  5 quokkas
  9 ball pythons
  4 frilled lizards
  4 kobolds
  9 rats
73 creatures vanquished.

Vanquished Creatures (others)
  5 fungi (D:2)
  2 plants (D:2)
7 creatures vanquished.

Grand Total: 80 creatures vanquished

Notes
Turn   | Place    | Note
-------+----------+-------------------------------------------
     0 | D:1      | billz999 the Ogre Air Elementalist began the quest for the
                  | Orb.
     0 | D:1      | Reached XP level 1. HP: 16/16 MP: 3/3
   154 | D:1      | Reached skill level 1 in Conjurations
   303 | D:1      | Reached XP level 2. HP: 24/24 MP: 2/5
   378 | D:1      | Learned a level 2 spell: Static Discharge
   489 | D:1      | Reached skill level 3 in Spellcasting
  1051 | D:1      | Reached XP level 3. HP: 31/31 MP: 3/7
  1162 | D:1      | Learned a level 3 spell: Swiftness
  1173 | D:2      | Found Elop's Assorted Antiques.
  1323 | D:2      | Found a broken altar of Ashenzari.
  1901 | D:2      | Found a faded altar of an unknown god.
  2477 | D:3      | Reached XP level 4. HP: 39/39 MP: 2/9
  2633 | D:3      | Found a radiant altar of Vehumet.
  2641 | D:3      | Became a worshipper of Vehumet
  2978 | D:3      | Found Pibo Jasu's Magic Scroll Shoppe.
  3264 | D:3      | Reached skill level 4 in Spellcasting
  3425 | D:4      | Noticed an ogre
  3493 | D:4      | Killed an ogre
  3494 | D:4      | Reached XP level 5. HP: 45/46 MP: 2/12
  3655 | D:4      | Reached * piety under Vehumet
  3655 | D:4      | Offered knowledge of Kiss of Death by Vehumet.
  3696 | D:4      | Reached XP level 6. HP: 37/54 MP: 0/13
  3826 | D:4      | Reached skill level 5 in Spellcasting
  4008 | D:4      | Found a bloodstained altar of Trog.
  4069 | D:4      | Found a glowing golden altar of the Shining One.
  4069 | D:4      | Found an iron altar of Okawaru.
  4312 | D:4      | Mangled by an ogre

Illustrated notes

Levels and vault maps discovered:
D:1:      lemuel_arrival_cross, layout_basic
D:2:      layout_loops_corners, serial_shops, nicolae_square_shop,
          dreamdust_ecumenical_altar_grove, basic_altar
D:3:      layout_loops_ring, vehumet_crystals, serial_shops, shop_coins,
          ebering_dispersal_statue_hall, minmay_door_square
D:4:      layout_gridville, lightli_temple_of_fire, minitemple, temple_hall,
          gup_sewer_entry_pipe

Skill      XL: |  1  2  3  4  5  6 |
---------------+-------------------+-----
Conjurations   | 1 2 |  2.7
Spellcasting   | 3 4 5 |  5.2
Air Magic      | 3 |  3.8
Fighting       | |  0.8
Long Blades    | |  0.3
Dodging        | |  1.7
Stealth        | |  1.4

Action                   |  1- 3 |  4- 6 || total
-------------------------+-------+-------++-------
Melee: Club              |    26 |       ||    26
       Unarmed           |     4 |       ||     4
       Falchion          |       |    30 ||    30
 Cast: Shock             |    97 |    77 ||   174
       Static Discharge  |     1 |     3 ||     4
       Swiftness         |       |     2 ||     2
  Use: Scroll            |       |     6 ||     6
       Potion            |       |     3 ||     3
 Stab: Sleeping          |     1 |       ||     1
Armor: Robe              |    11 |    17 ||    28
Dodge: Dodged            |    21 |    49 ||    70

Table legend: (Time is in decaauts)
 A = Elapsed time spent in this place.
 B = Non-inter-level travel time spent in this place.
 C = Inter-level travel time spent in this place.
 D = Time resting spent in this place.
 E = Time spent auto-exploring this place.
 F = Levels seen in this place.
 G = Mean time per level.
                   A        B        C        D        E       F      G
               +--------+--------+--------+--------+--------+-----+--------+
         Total |   4325 |   4240 |     85 |    394 |   3333 |   4 | 1081.2 |
       Dungeon |   4325 |   4240 |     85 |    394 |   3333 |   4 | 1081.2 |
               +--------+--------+--------+--------+--------+-----+--------+

Top non-repeatable levels by time:
     D:1: 1175 daAuts
     D:3: 1150 daAuts
     D:2: 1095 daAuts
     D:4: 903 daAuts
